 Dungeon Crawl Stone Soup version 0.30.0-19-g36f170ea60 (webtiles) character file.

Game seed: 11515073198475322586

50 cdecastro the Vexing (level 3, -1/24 HPs)
             Began as a Vampire Enchanter on May 26, 2023.
             Slain by Natasha (6 damage)
             ... on level 1 of the Dungeon.
             The game lasted 00:04:30 (1170 turns).

cdecastro the Vexing (Vampire Enchanter)            Turns: 1170, Time: 00:04:31

Health: -1/24      AC:  2    Str:  7    XL:     3   Next: 55%
Magic:  0/6        EV: 12    Int: 17    God:
Gold:   53         SH:  0    Dex: 16    Spells: 1/6 levels left

rFire   . . .        a - +1 dagger
rCold   . . .        (no shield)
rNeg    . . .        b - +0 robe
rPois   .            (no helmet)
rElec   .            (no cloak)
rCorr   .            (no gloves)
SInv    +            (no boots)
Will    .....        (no amulet)
Stlth   +++          (no ring)
HPRegen 0.44/turn    (no ring)
MPRegen 0.10/turn

%: no passive effects
@: very slightly contaminated, healing quickly
A: alive, fangs 3, see invisible, vampiric 2
a: Exsanguinate


You were on level 1 of the Dungeon.
You visited 1 branch of the dungeon, and saw 2 of its levels.

You collected 53 gold pieces.

Inventory:

Hand Weapons
 a - a +1 dagger (weapon)
Missiles
 j - 3 poisoned darts
Armour
 b - a +0 robe (worn)
Scrolls
 e - 2 scrolls of identify {unknown}
 f - 2 scrolls of fog {unknown}
 k - a scroll of silence {unknown}
 l - a scroll of teleportation {unknown}
Potions
 c - 2 potions of invisibility
 d - a potion of attraction {unknown}
 g - 2 potions of mutation {unknown}
 h - a potion of might {unknown}
 i - a potion of degeneration {unknown}
 m - a potion of heal wounds {unknown}


   Skills:
 - Level 1.1 Short Blades
 - Level 2.1 Dodging
 + Level 5.4 Stealth
 - Level 2.0 Spellcasting
 * Level 6.1 Hexes


You had one spell level left.
You knew the following spells:

 Your Spells              Type           Power      Damage    Failure   Level
a - Ensorcelled Hibernat  Hex/Ice        24%        N/A       9%          2
b - Confusing Touch       Hex            22%        N/A       4%          3

Your spell library contained the following spells:

 Spells                   Type           Power      Damage    Failure   Level
 Tukima's Dance           Hex            22%        N/A       4%          3
 Dazzling Flash           Conj/Hex       24%        N/A       17%         3
 Static Discharge         Conj/Air       2%         2-3/arc   28%         2
 Leda's Liquefaction      Hex/Erth       6%         N/A       50%         4
 Arcjolt                  Conj/Air       0%         1d10      99%         5
 Shatter                  Erth           0%         3d5*      100%        9


Dungeon Overview and Level Annotations

Branches:
Dungeon (2/15)

Altars:

Annotations:
D:1 Natasha


Innate Abilities, Weirdness & Mutations

Your natural rate of healing is accelerated.
You have razor-sharp teeth.
You have supernaturally acute eyesight. (SInv)
You are afflicted with vampirism and can become a bat while bloodless.


Message History

There is a stone staircase leading down here.
Unknown command.
Aiming: Ensorcelled Hibernation (safe; 9% risk of failure)
Press: ? - help, Q - select action, (/) - cycle Shift-Dir - straight line, f - Natasha
Aim: Natasha (chance to affect: 46%) Natasha resists with some effort.
Natasha claws you.
Unknown command.
Aiming: Ensorcelled Hibernation (safe; 9% risk of failure)
Press: ? - help, Q - select action, (/) - cycle Shift-Dir - straight line, f/p - Natasha
Aim: Natasha (chance to affect: 46%) Natasha resists with some effort.
Natasha claws you.
* * * LOW HITPOINT WARNING * * *
Aiming: Ensorcelled Hibernation (safe; 9% risk of failure)
Press: ? - help, Q - select action, (/) - cycle Shift-Dir - straight line, f/p - Natasha
Aim: Natasha (chance to affect: 46%)
You miscast Ensorcelled Hibernation.
You are very lightly contaminated with residual magic.
Nothing appears to happen.
Natasha claws you.
* * * LOW HITPOINT WARNING * * *
You hit Natasha.
Natasha is moderately wounded.
Natasha claws you.
* * * LOW HITPOINT WARNING * * *
Okay, then.
Unknown command.
Press: ? - help, v - describe, . - travel, g - get item
Here: Natasha (moderately wounded) Item here: a hobgoblin corpse.
The floor, spattered with blood.
Unknown command.
You hit Natasha.
Natasha is moderately wounded.
Natasha misses you.
You closely miss Natasha.
Natasha is moderately wounded.
Natasha claws you.
You die...

# #........###.#.#.#.# ##
#.)###....#......#.# .#
####..###.#.###.#.###†#
)##########...........#......#..#
....................#.#.#.#.###.#
.............######.....###...#.#
.########...÷# #...###.###.#.#
.#.....##.##÷######..(...........
.#.....##.#.#.##@)...##.#.....###
##.........###.h.##..##....#...##
##.....##.#.#.#####..#####.......
##.....##.##.######........#...##
..........##........###>##.######
#..#.##################.##.# #
#.##.# #######...#.# # #.##.#
#.......#...# # #.##.#
#.#####...########


You could see Natasha.

Vanquished Creatures
  An adder (D:2)
  A dart slug (D:1)
  2 endoplasms (D:1)
  2 giant cockroaches (D:1)
  A goblin (D:1)
  7 hobgoblins (D:1)
  2 jackals (D:1)
  3 kobolds (D:1)
  A quokka (D:1)
  5 ball pythons (D:1)
  6 bats (D:1)
  3 frilled lizards (D:1)
  2 rats
36 creatures vanquished.

Notes
Turn   | Place    | Note
-------+----------+-------------------------------------------
     0 | D:1      | cdecastro the Vampire Enchanter began the quest for the
                  | Orb.
     0 | D:1      | Reached XP level 1. HP: 13/13 MP: 3/3
    54 | D:1      | Got the Compendium of the Electric Ground
   106 | D:1      | Reached skill level 5 in Hexes
   109 | D:1      | Reached XP level 2. HP: 19/19 MP: 5/5
   112 | D:1      | Learned a level 2 spell: Ensorcelled Hibernation
   237 | D:1      | Reached skill level 5 in Stealth
   402 | D:1      | Gained mutation: You are afflicted with vampirism and can
                  | become a bat while bloodless. [Vampire growth]
   402 | D:1      | Reached XP level 3. HP: 24/24 MP: 2/6
   888 | D:1      | Learned a level 3 spell: Confusing Touch
   967 | D:2      | Reached skill level 6 in Hexes
  1040 | D:2      | Noticed Natasha
  1170 | D:1      | Slain by Natasha

Illustrated notes

Levels and vault maps discovered:
D:1:      zelgadis_glass_arrival_small, layout_loops_ring,
          minmay_indecisive_spiral
D:2:      layout_basic, basic_altar, uniq_natasha

Skill      XL: |  1  2  3 |
---------------+----------+-----
Hexes          | 5 6 |  6.1
Stealth        | 5 |  5.4
Short Blades   | |  1.1
Dodging        | |  2.1
Spellcasting   | |  2.0

Action                     || total
---------------------------++-------
  Melee: Dagger            ||   106
         Bite              ||    10
         Punch             ||     1
   Cast: Ensorcelled Hiber ||    10
   Stab: Sleeping          ||    16
 Armour: Robe              ||    18
  Dodge: Dodged            ||    75
